 Seeded DCSS version 0.28-a0-1234-g826d19b2e0 (webtiles) character file.

Game seed: 11023650935340118060 (custom seed)

56 croobank the Insei (level 3, -1/24 HPs)
             Began as an Octopode Transmuter on Dec 24, 2021.
             Slain by Natasha (6 damage)
             ... on level 2 of the Dungeon.
             The game lasted 00:07:33 (1565 turns).

croobank the Insei (Octopode Transmuter)            Turns: 1565, Time: 00:07:33

Health: -1/24      AC:  1    Str: 11    XL:     3   Next: 95%
Magic:  4/6        EV: 10    Int: 15    God:
Gold:   37         SH:  0    Dex: 12    Spells: 0/6 levels left

rFire   . . .      SeeInvis .     - Unarmed
rCold   . . .      Faith    .   (no shield)
rNeg    . . .      Spirit   .   (helmet currently unavailable)
rPois   .          Reflect  .   (no amulet)
rElec   .          Harm     .   (no ring)
rCorr   .          Rampage  .   (no ring)
Will    .....                   (no ring)
Stlth   ++........              (no ring)
HPRegen 0.08/turn               (no ring)
MPRegen 0.10/turn               (no ring)
                                (no ring)
                                (no ring)

@: appendages (expiring), weak-willed, wereblooded, slowed, constricted, very
slow
A: tentacle spike 3, almost no armour, amphibious, 8 rings, camouflage 1,
gelatinous body 1, (nimble swimmer 1), tentacles
a: End Transformation


You were on level 2 of the Dungeon.
One of your tentacles had grown a beastly spike.
You visited 1 branch of the dungeon, and saw 2 of its levels.

You collected 37 gold pieces.

Inventory:

Hand Weapons
 e - a +0 great sword of venom
Missiles
 a - 92 stones
 b - 14 sling bullets
Scrolls
 d - a scroll of blinking
Potions
 f - a potion of curing {unknown}


   Skills:
 + Level 1.7 Fighting
 + Level 2.5 Dodging
 + Level 3.3 Unarmed Combat
 + Level 2.4 Spellcasting
 + Level 2.5 Transmutations


You couldn't memorise any spells.
You knew the following spells:

 Your Spells              Type           Power      Damage    Failure   Level
a - Beastly Appendage     Tmut           18%        N/A       8%          1
b - Wereblood             Tmut           9%         N/A       12%         2
c - Spider Form           Tmut/Pois      5%         N/A       36%         3

Your spell library contained the following spells:

 Spells                   Type           Power      Damage    Failure   Level
 Ice Form                 Ice/Tmut       5%         N/A       77%         4


Dungeon Overview and Level Annotations

Branches:
Dungeon (2/15)

Altars:

Annotations:
D:2 Natasha


Innate Abilities, Weirdness & Mutations

One of your tentacles has grown a beastly spike.
You cannot wear most types of armour.
You are amphibious.
You can wear up to eight rings at the same time.
Your skin changes colour to match your surroundings (Stealth+).
Your rubbery body absorbs attacks. (AC +1, EV +1)
((You are camouflaged when in or above water. (Stealth+)))
You have tentacles for arms and can constrict up to eight enemies at once.


Message History

The jackal barks!
A giant cockroach comes into view.
A worm comes into view.
Your transformation is almost over.
Natasha hisses angrily.
A ball python comes into view.
The jackal bites you but does no damage.
The ball python hisses angrily.
You tentacle-slap the jackal but do no damage.
Your grab misses the jackal.
You pierce the jackal, but do no damage.
Natasha stares at you and mumbles some strange words.
The magic dart hits you! The jackal barely misses you.
You closely miss the jackal. Your grab misses the jackal. The jackal bites you.
Casting: Beastly Appendage (safe; 8% risk of failure)
Confirm with . or Enter, or press ? or * to list all spells.
Your blood is infused with primal strength.
The jackal closely misses you. The jackal misses you.
You tentacle-slap Natasha. You grab Natasha.
Natasha is moderately wounded.
You constrict Natasha, but do no damage.
Natasha stares at you and mumbles some strange words.
You feel yourself slow down. The ball python bites you.
The ball python barely misses you. The jackal bites you.
You tentacle-slap Natasha.
Your tentacle spike misses Natasha.
Natasha is heavily wounded.
You constrict Natasha. The giant cockroach closely misses you.
The jackal barely misses you. The ball python misses you.
The ball python grabs you. The ball python constricts you. Natasha claws you.
The giant cockroach barely misses you. The jackal bites you.
* * * LOW HITPOINT WARNING * * *
The ball python bites you.
* * * LOW HITPOINT WARNING * * *
The ball python constricts you.
You tentacle-slap Natasha but do no damage.
Natasha is severely wounded.
You constrict Natasha. The jackal bites you.
* * * LOW HITPOINT WARNING * * *
Natasha claws you.
You die...

........#
........# ....
........# ....
........# .....
........#####.....
.............w....
..................
..........S.......
........†.@h.$....
#######...hB......
#...........
#...........
#...........
#...........
#...........
#...........


You could see a worm, Natasha, a jackal, a giant cockroach and a ball python.

Vanquished Creatures
  A worm (D:2)
  A dart slug (D:1)
  A ball python (D:2)
  5 endoplasms (D:1)
  4 giant cockroaches (D:1)
  2 goblins
  6 hobgoblins
  8 jackals
  3 kobolds
  2 quokkas (D:1)
  4 bats (D:1)
  A frilled lizard (D:2)
  3 rats (D:1)
41 creatures vanquished.

Notes
Turn   | Place    | Note
-------+----------+-------------------------------------------
     0 | D:1      | croobank the Octopode Transmuter began the quest for the
                  | Orb.
     0 | D:1      | Reached XP level 1. HP: 13/13 MP: 3/3
   156 | D:1      | Reached XP level 2. HP: 18/18 MP: 3/5
   627 | D:1      | Reached XP level 3. HP: 23/23 MP: 3/6
   639 | D:1      | Learned a level 2 spell: Wereblood
   644 | D:1      | Learned a level 3 spell: Spider Form
  1556 | D:2      | Noticed Natasha
  1565 | D:2      | Slain by Natasha

Illustrated notes

Levels and vault maps discovered:
D:1:      mainiacjoe_arrival_reflecting_pool, layout_loops_corners,
          minmay_split_cup_large
D:2:      layout_basic, basic_ecumenical_altar, minmay_tetromino_s4,
          uniq_jessica, uniq_natasha

Action                   || total
-------------------------++-------
Melee: Unarmed           ||    83
       Kick              ||    22
       Constrict         ||    25
       Tentacles         ||    13
 Cast: Beastly Appendage ||    19
       Wereblood         ||     3
       Spider Form       ||     1
  Use: Scroll            ||     2
 Stab: Sleeping          ||     5
Armor: Skin              ||     7
Dodge: Dodged            ||    63

Table legend: (Time is in decaauts)
 A = Elapsed time spent in this place.
 B = Non-inter-level travel time spent in this place.
 C = Inter-level travel time spent in this place.
 D = Time resting spent in this place.
 E = Time spent auto-exploring this place.
 F = Levels seen in this place.
 G = Mean time per level.
                   A        B        C        D        E       F      G
               +--------+--------+--------+--------+--------+-----+--------+
         Total |   1561 |   1549 |     12 |    235 |    991 |   2 |  780.5 |
       Dungeon |   1561 |   1549 |     12 |    235 |    991 |   2 |  780.5 |
               +--------+--------+--------+--------+--------+-----+--------+

Top non-repeatable levels by time:
     D:1: 1290 daAuts
     D:2: 271 daAuts
